Workbook
Name scen: Drivers!$E$7

Sheet Cover
B2: CPRT (Copart)
B3: Dashboard Summary
B4: $M, unless otherwise stated
N5: Projected
R6: Projected
B7: TRADING STATISTICS | H7: Valuation Overview (FY End: 7/31) | I7: 2011 | J7: 2012 | K7: 2013 | L7: 2014 | M7: 2015 | R7: 2016E | W7: 2017E | AB7: 2018E
B8: Share price ($) | F8: =G45 -> 41.3 | H8: Revenue | I8: =Model!J12 -> 861.345 | J8: =Model!K12 -> 924.191 | K8: =Model!L12 -> 1046.386 | L8: =Model!M12 -> 1163.489 | M8: =Model!R12 -> 1146.079 | R8: =Model!W12 -> 1209.7273 | W8: =Model!AB12 -> 1277.5311 | AB8: =Model!AG12 -> 1338.1256
B9: Shares outstanding (M) | F9: =G46 -> 122.9 | H9: Consensus | R9: =Model!W33 -> 1209 | W9: =Model!AB33 -> 1274 | AB9: =Model!AG33 -> 1331
B10: Market cap | F10: =G47 -> 5075.77 | H10: EBITDA | I10: =Model!J21 -> 310.894 | J10: =Model!K21 -> 334.467 | K10: =Model!L21 -> 339.72 | L10: =Model!M21 -> 328.656 | M10: =Model!R21 -> 393.294 | R10: =Model!W21 -> 436.22626 | W10: =Model!AB21 -> 485.77 | AB10: =Model!AG21 -> 522.37215
B11: Net debt | F11: =G48 -> 516.791 | H11: Consensus | R11: =Model!W35 -> 428 | W11: =Model!AB35 -> 462 | AB11: =Model!AG35 -> 483
B12: Enterprise value | F12: =G49 -> 5592.561 | H12: EPS | I12: =Model!J28 -> 1.0850152 | J12: =Model!K28 -> 1.385333 | K12: =Model!L28 -> 1.3871445 | L12: =Model!M28 -> 1.3616018 | M12: =Model!R28 -> 1.6723074 | R12: =Model!W28 -> 1.9551738 | W12: =Model!AB28 -> 2.2952219 | AB12: =Model!AG28 -> 2.5629918
H13: Consensus | R13: =Model!W36 -> 1.9268254 | W13: =Model!AB36 -> 2.16 | AB13: =Model!AG36 -> 2.3
B14: EPS Valuation | D14: Base | E14: Upside | F14: Downside | H14: FCF ($) | I14: =Model!J70 -> 172.762 | J14: =Model!K70 -> 174.841 | K14: =Model!L70 -> 69.061 | L14: =Model!M70 -> 166.784 | M14: =Model!R70 -> 186.4359 | R14: =Model!W70 -> 191.10296 | W14: =Model!AB70 -> 235.00721 | AB14: =Model!AG70 -> 287.40136
B15: FCF/Share 2017 | D15: =AO34 -> 2.2952219 | E15: =AP34 -> 2.4870148 | F15: =AN34 -> 2.1292742 | H15: Diluted Shares Out | I15: =Model!J27 -> 153.255 | J15: =Model!K27 -> 131.424 | K15: =Model!L27 -> 129.781 | L15: =Model!M27 -> 131.23 | M15: =Model!R27 -> 131.425 | R15: =Model!W27 -> 123.5675 | W15: =Model!AB27 -> 119.02205 | AB15: =Model!AG27 -> 114.85538
B16: P/E Multiple | D16: 20 | E16: 20 | F16: 17 | H16: FCF/share | I16: =Model!J71 -> 1.1272846 | J16: =Model!K71 -> 1.3303582 | K16: =Model!L71 -> 0.5321349 | L16: =Model!M71 -> 1.2709289 | M16: =Model!R71 -> 1.4185726 | R16: =Model!W71 -> 1.5465471 | W16: =Model!AB71 -> 1.9744847 | AB16: =Model!AG71 -> 2.5022891
B17: Implied Price | D17: =D15*D16 -> 45.904437 | E17: =E15*E16 -> 49.740295 | F17: =F15*F16 -> 36.197661
B18: Upside / Downside | D18: =D17/$F$8-1 -> 0.11148758 | E18: =E17/$F$8-1 -> 0.2043655 | F18: =F17/$F$8-1 -> -0.12354331 | H18: Revenue growth | I18: =Model!J57 -> 0.11446294 | J18: =J8/I8-1 -> 0.072962634 | K18: =K8/J8-1 -> 0.13221834 | L18: =L8/K8-1 -> 0.11191186 | M18: =M8/L8-1 -> -0.014963614 | R18: =R8/M8-1 -> 0.055535666 | W18: =W8/R8-1 -> 0.056048881 | AB18: =AB8/W8-1 -> 0.047430894
D19: =G56 -> 0 | H19: Gross Profit Margin % | I19: =Model!J42 -> 0.44836157 | J19: =Model!K42 -> 0.44321574 | K19: =Model!L42 -> 0.40226264 | L19: =Model!M42 -> 0.40273092 | M19: =Model!R42 -> 0.42176499 | R19: =Model!W42 -> 0.43163304 | W19: =Model!AB42 -> 0.45460341 | AB19: =Model!AG42 -> 0.46734938
B20: FCF Valuation | D20: Base | E20: Upside | F20: Downside | H20: EBITDA margin | I20: =I10/I8 -> 0.36094016 | J20: =J10/J8 -> 0.36190246 | K20: =K10/K8 -> 0.32466031 | L20: =L10/L8 -> 0.28247452 | M20: =M10/M8 -> 0.34316483 | R20: =R10/R8 -> 0.36059885 | W20: =W10/W8 -> 0.38024123 | AB20: =AB10/AB8 -> 0.39037604
B21: FCF/Share 2017 | D21: =AO40 -> 1.9744847 | E21: =AP40 -> 2.1122074 | F21: =AN40 -> 1.8583707
B22: P/E Multiple | D22: 0.04 | E22: 0.04 | F22: 0.06 | H22: EV/EBITDA | M22: =$G$49/M10 -> 14.219797 | R22: =$G$49/R10 -> 12.820322 | W22: =$G$49/W10 -> 11.512776 | AB22: =$G$49/AB10 -> 10.706086
B23: Implied Price | D23: =D21/D22 -> 49.362117 | E23: =E21/E22 -> 52.805185 | F23: =F21/F22 -> 30.972845 | H23: P/EPS | M23: =$G$45/M12 -> 24.696416 | R23: =$G$45/R12 -> 21.123442 | W23: =$G$45/W12 -> 17.993903 | AB23: =$G$45/AB12 -> 16.11398
B24: Upside / Downside | D24: =D23/$F$8-1 -> 0.19520865 | E24: =E23/$F$8-1 -> 0.2785759 | F24: =F23/$F$8-1 -> -0.25005219 | H24: FCF Yield % | M24: =M16/$G$45 -> 0.034348004 | R24: =R16/$G$45 -> 0.03744666 | W24: =W16/$G$45 -> 0.047808346 | AB24: =AB16/$G$45 -> 0.060588114
B26: EBITDA Valuation | D26: Base | E26: Upside | F26: Downside | H26: Net debt | I26: =Model!J137 -> 301.747 | J26: =Model!K137 -> 304.008 | K26: =Model!L137 -> 325.117 | L26: =Model!M137 -> 144.233 | M26: =Model!R137 -> 189.796 | N26: =Model!O137 -> 99.194 | O26: =Model!P137 -> 0.677 | P26: =Model!Q137 -> 207.179 | Q26: =Model!R137 -> 189.796 | R26: =Model!W137 -> 347.27904 | S26: =Model!T137 -> 516.791 | T26: =Model!U137 -> 403.21786 | U26: =Model!V137 -> 347.27904 | V26: =Model!W137 -> 347.27904 | W26: =Model!AB137 -> 309.77184 | AB26: =Model!AG137 -> 219.87048
B27: EBITDA 2017 | D27: =AH34 -> 485.77 | E27: =AI34 -> 507.84558 | F27: =AG34 -> 462.8282 | H27: Net debt / EBITDA | I27: =I26/I10 -> 0.9705784 | J27: =J26/J10 -> 0.90893272 | K27: =K26/K10 -> 0.9570146 | L27: =L26/L10 -> 0.43885704 | M27: =M26/M10 -> 0.48258046 | N27: =N26/N10 -> #DIV/0! | O27: =O26/O10 -> #DIV/0! | P27: =P26/P10 -> #DIV/0! | ... W27: =W26/W10 -> 0.6376924 | AB27: =AB26/AB10 -> 0.42090773
B28: EV/EBITDA | D28: 12 | E28: 13 | F28: 10 | H28: ROIC | I28: =Model!J165 -> 0.19192124 | J28: =Model!K165 -> 0.21187817 | K28: =Model!L165 -> 0.18363218 | L28: =Model!M165 -> 0.15907251 | M28: =Model!R165 -> 0.1960622 | N28: =Model!S165 -> 0.19257971 | O28: =Model!T165 -> 0.19348033 | P28: =Model!U165 -> 0.23535569 | Q28: =Model!V165 -> 0.21122084 | R28: =Model!W165 -> 0.21036476 | S28: =Model!X165 -> 0 | T28: =Model!Y165 -> 0 | ... W28: =Model!AB165 -> 0.22472401 | AB28: =Model!AG165 -> 0.23305209
B29: Enterprise Value | D29: =D28*D27 -> 5829.24 | E29: =E28*E27 -> 6601.9925 | F29: =F28*F27 -> 4628.282 | H29: ROIC (ex-goodwill & intangibles) | I29: =Model!J166 -> 0.24893622 | J29: =Model!K166 -> 0.27566488 | K29: =Model!L166 -> 0.24209638 | L29: =Model!M166 -> 0.2142192 | M29: =Model!R166 -> 0.26241813 | N29: =Model!S166 -> 0.25470901 | O29: =Model!T166 -> 0.25123184 | P29: =Model!U166 -> 0.30205887 | Q29: =Model!V166 -> 0.27187853 | R29: =Model!W166 -> 0.27427458 | S29: =Model!X166 -> 0 | T29: =Model!Y166 -> 0 | ... W29: =Model!AB166 -> 0.286904 | AB29: =Model!AG166 -> 0.29477431
B30: Net Debt | D30: =AH37 -> 309.77184 | E30: =AI37 -> 450.58051 | F30: =AG37 -> 219.36839
B31: Market Cap | D31: =D29-D30 -> 5519.4682 | E31: =E29-E30 -> 6151.412 | F31: =F29-F30 -> 4408.9136
B32: Shares Outstanding | D32: =AH39 -> 119.02205 | E32: =AI39 -> 115.61295 | F32: =AG39 -> 121.29477
B33: Implied Price | D33: =D31/D32 -> 46.373494 | E33: =E31/E32 -> 53.206944 | F33: =F31/F32 -> 36.348752 | AD33: EBITDA VALUATION | AF33: Nightmare | AG33: Bear | AH33: Base | AI33: Bull | AK33: EPS VALUATION | AM33: Nightmare | AN33: Bear | AO33: Base | AP33: Bull
B34: Upside / Downside | D34: =D33/$F$8-1 -> 0.1228449 | E34: =E33/$F$8-1 -> 0.28830372 | F34: =F33/$F$8-1 -> -0.11988494 | AD34: 2017 EBITDA | AF34: =IF(scen=4,W10,AF34) -> 425.74164 | AG34: =IF(scen=3,W10,AG34) -> 462.8282 | AH34: =IF(scen=1,W10,AH34) -> 485.77 | AI34: =IF(scen=2,W10,AI34) -> 507.84558 | AK34: 2017 EPS | AM34: =IF(scen=4,$W$12,AM34) -> 1.8950255 | AN34: =IF(scen=3,$W$12,AN34) -> 2.1292742 | AO34: =IF(scen=1,$W$12,AO34) -> 2.2952219 | AP34: =IF(scen=2,$W$12,AP34) -> 2.4870148
AD35: EV/EBITDA | AF35: 9 | AG35: 10 | AH35: 12 | AI35: 13 | AK35: P/E | AM35: 16 | AN35: 18 | AO35: 21 | AP35: 22
AD36: Enterprise Value | AF36: =AF35*AF34 -> 3831.6748 | AG36: =AG35*AG34 -> 4628.282 | AH36: =AH35*AH34 -> 5829.24 | AI36: =AI35*AI34 -> 6601.9925 | AK36: Target Price | AM36: =AM35*AM34 -> 30.320408 | AN36: =AN35*AN34 -> 38.326936 | AO36: =AO35*AO34 -> 48.199659 | AP36: =AP35*AP34 -> 54.714325
AD37: Net Debt | AF37: =IF(scen=4,$W$26,AF37) -> 134.59577 | AG37: =IF(scen=3,$W$26,AG37) -> 219.36839 | AH37: =IF(scen=1,$W$26,AH37) -> 309.77184 | AI37: =IF(scen=2,$W$26,AI37) -> 450.58051 | AK37: (Downside) / Upside | AM37: =AM36/$G$45-1 -> -0.26584968 | AN37: =AN36/$G$45-1 -> -0.071987034 | AO37: =AO36/$G$45-1 -> 0.16706196 | AP37: =AP36/$G$45-1 -> 0.32480205
AD38: Market Cap | AF38: =AF36-AF37 -> 3697.079 | AG38: =AG36-AG37 -> 4408.9136 | AH38: =AH36-AH37 -> 5519.4682 | AI38: =AI36-AI37 -> 6151.412
AD39: Shares outstanding (m) | AF39: =IF(scen=4,$W$15,AF39) -> 123.5675 | AG39: =IF(scen=3,$W$15,AG39) -> 121.29477 | AH39: =IF(scen=1,$W$15,AH39) -> 119.02205 | AI39: =IF(scen=2,$W$15,AI39) -> 115.61295 | AK39: FCF VALUATION | AM39: Nightmare | AN39: Bear | AO39: Base | AP39: Bull
AK40: 2017 FCF/Share | AM40: =IF(scen=4,$W$16,AM40) -> 1.7009592 | AN40: =IF(scen=3,$W$16,AN40) -> 1.8583707 | AO40: =IF(scen=1,$W$16,AO40) -> 1.9744847 | AP40: =IF(scen=2,$W$16,AP40) -> 2.1122074
AK41: FCF Yield % | AM41: 0.06 | AN41: 0.055 | AO41: 0.04 | AP41: 0.035
AD42: Target Price | AF42: =AF38/AF39 -> 29.91951 | AG42: =AG38/AG39 -> 36.348752 | AH42: =AH38/AH39 -> 46.373494 | AI42: =AI38/AI39 -> 53.206944 | AK42: Target Price | AM42: =AM40/AM41 -> 28.34932 | AN42: =AN40/AN41 -> 33.788558 | AO42: =AO40/AO41 -> 49.362117 | AP42: =AP40/AP41 -> 60.348782
AD43: (Downside) / Upside | AF43: =AF42/$G$45-1 -> -0.27555667 | AG43: =AG42/$G$45-1 -> -0.11988494 | AH43: =AH42/$G$45-1 -> 0.1228449 | AI43: =AI42/$G$45-1 -> 0.28830372 | AK43: (Downside) / Upside | AM43: =AM42/$G$45-1 -> -0.31357579 | AN43: =AN42/$G$45-1 -> -0.18187511 | AO43: =AO42/$G$45-1 -> 0.19520865 | AP43: =AP42/$G$45-1 -> 0.4612296
B44: Copart Capitalization | G44: 42459 | H44: Valuation Overview (FY End: 7/31) | I44: 2015A | J44: 2016E | K44: 2017E | L44: 2018E | N44: 2016E | S44: 2017E | X44: 2018E
B45: Share Price | G45: 41.3 | H45: EPS | I45: =M12 -> 1.6723074 | J45: =R12 -> 1.9551738 | K45: =W12 -> 2.2952219 | L45: =AB12 -> 2.5629918
B46: Diluted Shares Outstanding (m) | G46: =Model!T27 -> 122.9 | H46: P/E Multiple | I46: =$G$45/I45 -> 24.696416 | J46: =$G$45/J45 -> 21.123442 | K46: =$G$45/K45 -> 17.993903 | L46: =$G$45/L45 -> 16.11398 | N46: =$G$45/R12 -> 21.123442 | S46: =$G$45/W12 -> 17.993903 | X46: =$G$45/AB12 -> 16.11398 | AD46: Blended Average | AF46: Nightmare | AG46: Bear | AH46: Base | AI46: Bull
B47: Market cap | G47: =G45*G46 -> 5075.77 | H47: EBITDA | I47: =M10 -> 393.294 | J47: =R10 -> 436.22626 | K47: =W10 -> 485.77 | L47: =AB10 -> 522.37215 | AD47: Price Target | AF47: =(AF42+AM42+AM36)/3 -> 29.529746 | AG47: =(AG42+AN42+AN36)/3 -> 36.154748 | AH47: =(AH42+AO42+AO36)/3 -> 47.978423 | AI47: =(AI42+AP42+AP36)/3 -> 56.090017
B48: Net Debt | G48: =Model!T137 -> 516.791 | H48: EV/EBITDA Multiple | I48: =$G$49/I47 -> 14.219797 | J48: =$G$49/J47 -> 12.820322 | K48: =$G$49/K47 -> 11.512776 | L48: =$G$49/L47 -> 10.706086 | AD48: (Downside) / Upside | AF48: =AF47/$G$45-1 -> -0.28499405 | AG48: =AG47/$G$45-1 -> -0.12458236 | AH48: =AH47/$G$45-1 -> 0.16170517 | AI48: =AI47/$G$45-1 -> 0.35811179
B49: Enterprise value | G49: =G47+G48 -> 5592.561 | H49: FCF / Ending Share | I49: =M16 -> 1.4185726 | J49: =R16 -> 1.5465471 | K49: =W16 -> 1.9744847 | L49: =AB16 -> 2.5022891
B50: Short Ratio | G50: 0.0325 | H50: FCF / Ending Share Yield % | I50: =I49/$G$45 -> 0.034348004 | J50: =J49/$G$45 -> 0.03744666 | K50: =K49/$G$45 -> 0.047808346 | L50: =L49/$G$45 -> 0.060588114
AS52: Bridge to Consensus | AY52: Projected
AT53: 2011 | AU53: 2012 | AV53: 2013 | AW53: 2014 | AX53: 2015 | AY53: 2016E | BD53: 2017E | BI53: 2018E
AS54: Revenue | AT54: =Model!J12 -> 861.345 | AU54: =Model!K12 -> 924.191 | AV54: =Model!L12 -> 1046.386 | AW54: =Model!M12 -> 1163.489 | AX54: =Model!R12 -> 1146.079 | AY54: =Model!W12 -> 1209.7273 | BD54: =Model!AB12 -> 1277.5311 | BI54: =Model!AG12 -> 1338.1256
AS55: Estimate | AY55: =R8 -> 1209.7273 | BD55: =W8 -> 1277.5311 | BI55: =AB8 -> 1338.1256
AS56: Growth % | AY56: =R18 -> 0.055535666 | BD56: =W18 -> 0.056048881 | BI56: =AB18 -> 0.047430894
AS57: Consensus | AY57: =R9 -> 1209 | BD57: =W9 -> 1274 | BI57: =AB9 -> 1331
AS58: Growth % | AY58: =AY56 -> 0.055535666 | BD58: =BD57/AY57-1 -> 0.053763441 | BI58: =BI57/BD57-1 -> 0.044740973
AS60: EBITDA
AS61: Estimate | AY61: =R10 -> 436.22626 | AZ61: =S10 -> 0 | BA61: =T10 -> 0 | BB61: =U10 -> 0 | BC61: =V10 -> 0 | BD61: =W10 -> 485.77 | BE61: =X10 -> 0 | BF61: =Y10 -> 0 | ... BI61: =AB10 -> 522.37215
AS62: Growth % | AY62: =AY61/M10-1 -> 0.10916073 | BD62: =BD61/AY61-1 -> 0.11357349 | BI62: =BI61/BD61-1 -> 0.075348732
AS63: Consensus | AY63: =R11 -> 428 | AZ63: =S11 -> 0 | BA63: =T11 -> 0 | BB63: =U11 -> 0 | BC63: =V11 -> 0 | BD63: =W11 -> 462 | BE63: =X11 -> 0 | BF63: =Y11 -> 0 | ... BI63: =AB11 -> 483
AS64: Growth % | AY64: =AY63/M10-1 -> 0.088244418 | BD64: =BD63/AY63-1 -> 0.079439252 | BI64: =BI63/BD63-1 -> 0.045454545
AS66: EPS
AS67: Estimate | AY67: =R12 -> 1.9551738 | AZ67: =S12 -> 0 | BA67: =T12 -> 0 | BB67: =U12 -> 0 | BC67: =V12 -> 0 | BD67: =W12 -> 2.2952219 | BE67: =X12 -> 0 | BF67: =Y12 -> 0 | ... BI67: =AB12 -> 2.5629918
AS68: Growth % | AY68: =AY67/M12-1 -> 0.16914736 | BD68: =BD67/AY67-1 -> 0.17392218 | BI68: =BI67/BD67-1 -> 0.1166641
AS69: Consensus | AY69: =R13 -> 1.9268254 | AZ69: =S13 -> 0 | BA69: =T13 -> 0 | BB69: =U13 -> 0 | BC69: =V13 -> 0 | BD69: =W13 -> 2.16 | BE69: =X13 -> 0 | BF69: =Y13 -> 0 | ... BI69: =AB13 -> 2.3
AS70: Growth % | AY70: =AY69/M12-1 -> 0.15219568 | BD70: =BD69/AY69-1 -> 0.12101493 | BI70: =BI69/BD69-1 -> 0.064814815
AS72: Consensus | AY72: =Model!W33 -> 1209 | BD72: =Model!AB33 -> 1274 | BI72: =Model!AG33 -> 1331
AS73: EBITDA | AT73: =Model!J21 -> 310.894 | AU73: =Model!K21 -> 334.467 | AV73: =Model!L21 -> 339.72 | AW73: =Model!M21 -> 328.656 | AX73: =Model!R21 -> 393.294 | AY73: =Model!W21 -> 436.22626 | BD73: =Model!AB21 -> 485.77 | BI73: =Model!AG21 -> 522.37215
AS74: Consensus | AY74: =Model!W35 -> 428 | BD74: =Model!AB35 -> 462 | BI74: =Model!AG35 -> 483
AS75: EPS | AT75: =Model!J28 -> 1.0850152 | AU75: =Model!K28 -> 1.385333 | AV75: =Model!L28 -> 1.3871445 | AW75: =Model!M28 -> 1.3616018 | AX75: =Model!R28 -> 1.6723074 | AY75: =Model!W28 -> 1.9551738 | BD75: =Model!AB28 -> 2.2952219 | BI75: =Model!AG28 -> 2.5629918
AS76: Consensus | AY76: =Model!W36 -> 1.9268254 | BD76: =Model!AB36 -> 2.16 | BI76: =Model!AG36 -> 2.3
AS77: FCF ($) | AT77: =Model!J70 -> 172.762 | AU77: =Model!K70 -> 174.841 | AV77: =Model!L70 -> 69.061 | AW77: =Model!M70 -> 166.784 | AX77: =Model!R70 -> 186.4359 | AY77: =Model!W70 -> 191.10296 | BD77: =Model!AB70 -> 235.00721 | BI77: =Model!AG70 -> 287.40136
AS78: Diluted Shares Out | AT78: =Model!J27 -> 153.255 | AU78: =Model!K27 -> 131.424 | AV78: =Model!L27 -> 129.781 | AW78: =Model!M27 -> 131.23 | AX78: =Model!R27 -> 131.425 | AY78: =Model!W27 -> 123.5675 | BD78: =Model!AB27 -> 119.02205 | BI78: =Model!AG27 -> 114.85538
AS79: FCF/share | AT79: =Model!J71 -> 1.1272846 | AU79: =Model!K71 -> 1.3303582 | AV79: =Model!L71 -> 0.5321349 | AW79: =Model!M71 -> 1.2709289 | AX79: =Model!R71 -> 1.4185726 | AY79: =Model!W71 -> 1.5465471 | BD79: =Model!AB71 -> 1.9744847 | BI79: =Model!AG71 -> 2.5022891
AS81: Revenue growth | AT81: =Model!J57 -> 0.11446294 | AU81: =J8/I8-1 -> 0.072962634 | AV81: =K8/J8-1 -> 0.13221834 | AW81: =L8/K8-1 -> 0.11191186 | AX81: =M8/L8-1 -> -0.014963614 | AY81: =R8/M8-1 -> 0.055535666 | BD81: =W8/R8-1 -> 0.056048881 | BI81: =AB8/W8-1 -> 0.047430894
AS82: Gross Profit Margin % | AT82: =Model!J42 -> 0.44836157 | AU82: =Model!K42 -> 0.44321574 | AV82: =Model!L42 -> 0.40226264 | AW82: =Model!M42 -> 0.40273092 | AX82: =Model!R42 -> 0.42176499 | AY82: =Model!W42 -> 0.43163304 | BD82: =Model!AB42 -> 0.45460341 | BI82: =Model!AG42 -> 0.46734938
AS83: EBITDA margin | AT83: =I10/I8 -> 0.36094016 | AU83: =J10/J8 -> 0.36190246 | AV83: =K10/K8 -> 0.32466031 | AW83: =L10/L8 -> 0.28247452 | AX83: =M10/M8 -> 0.34316483 | AY83: =R10/R8 -> 0.36059885 | BD83: =W10/W8 -> 0.38024123 | BI83: =AB10/AB8 -> 0.39037604
AS85: EV/EBITDA | AX85: =$G$49/M10 -> 14.219797 | AY85: =$G$49/R10 -> 12.820322 | BD85: =$G$49/W10 -> 11.512776 | BI85: =$G$49/AB10 -> 10.706086
AS86: P/EPS | AX86: =$G$45/M12 -> 24.696416 | AY86: =$G$45/R12 -> 21.123442 | BD86: =$G$45/W12 -> 17.993903 | BI86: =$G$45/AB12 -> 16.11398
AS87: FCF Yield % | AX87: =M16/$G$45 -> 0.034348004 | AY87: =R16/$G$45 -> 0.03744666 | BD87: =W16/$G$45 -> 0.047808346 | BI87: =AB16/$G$45 -> 0.060588114
AS89: Net debt | AT89: =Model!J137 -> 301.747 | AU89: =Model!K137 -> 304.008 | AV89: =Model!L137 -> 325.117 | AW89: =Model!M137 -> 144.233 | AX89: =Model!R137 -> 189.796 | AY89: =Model!W137 -> 347.27904 | BD89: =Model!AB137 -> 309.77184 | BI89: =Model!AG137 -> 219.87048
AS90: Net debt / EBITDA | AT90: =I26/I10 -> 0.9705784 | AU90: =J26/J10 -> 0.90893272 | AV90: =K26/K10 -> 0.9570146 | AW90: =L26/L10 -> 0.43885704 | AX90: =M26/M10 -> 0.48258046 | AY90: =R26/R10 -> 0.79609844 | BD90: =W26/W10 -> 0.6376924 | BI90: =AB26/AB10 -> 0.42090773
AS91: ROIC | AT91: =Model!J165 -> 0.19192124 | AU91: =Model!K165 -> 0.21187817 | AV91: =Model!L165 -> 0.18363218 | AW91: =Model!M165 -> 0.15907251 | AX91: =Model!R165 -> 0.1960622 | AY91: =Model!W165 -> 0.21036476 | BD91: =Model!AB165 -> 0.22472401 | BI91: =Model!AG165 -> 0.23305209
AS92: ROIC (ex-goodwill & intangibles) | AT92: =Model!J166 -> 0.24893622 | AU92: =Model!K166 -> 0.27566488 | AV92: =Model!L166 -> 0.24209638 | AW92: =Model!M166 -> 0.2142192 | AX92: =Model!R166 -> 0.26241813 | AY92: =Model!W166 -> 0.27427458 | BD92: =Model!AB166 -> 0.286904 | BI92: =Model!AG166 -> 0.29477431

Sheet Model
B2: Copart (CPRT)
B3: Earnings Model
B5: FY End: 7/31 | C5: =D5-365 -> 38199 | D5: =E5-365 -> 38564 | E5: =F5-365 -> 38929 | F5: =G5-366 -> 39294 | G5: =H5-365 -> 39660 | H5: =I5-365 -> 40025 | I5: =J5-365 -> 40390 | J5: =K5-366 -> 40755 | K5: =L5-365 -> 41121 | L5: =M5-365 -> 41486 | M5: =R5-365 -> 41851 | N5: =S5-365 -> 41943 | O5: =T5-365 -> 42035 | P5: =U5-366 -> 42124 | Q5: =V5-366 -> 42216 | R5: 42216 | S5: =T5-92 -> 42308 | T5: 42400 | U5: =T5+90 -> 42490 | V5: =U5+92 -> 42582 | W5: =R5+366 -> 42582 | AB5: =W5+365 -> 42947 | AG5: =AB5+365 -> 43312
B6: Line Items $m, except where noted | C6: =D6-1 -> 2004 | D6: =E6-1 -> 2005 | E6: =F6-1 -> 2006 | F6: =G6-1 -> 2007 | G6: 2008 | H6: 2009 | I6: 2010 | J6: 2011 | K6: 2012 | L6: 2013 | M6: 2014 | N6: Q1 | O6: Q2 | P6: Q3 | Q6: Q4 | R6: 2015 | S6: Q1 | T6: Q2 | U6: Q3E | V6: Q4E | W6: 2016E | X6: Q1E | Y6: Q2E | Z6: Q3E | AA6: Q4E | AB6: 2017E | AC6: Q1E | AD6: Q2E | AE6: Q3E | AF6: Q4E | AG6: 2018E
B8: INCOME STATEMENT | AI8: 0
AI9: 0
B10: Service Revenue | G10: 620 | H10: 615.353 | I10: 642.135 | J10: 714.509 | K10: 766.306 | L10: 849.667 | M10: 958.413 | N10: 246.597 | O10: 238.508 | P10: 256.564 | Q10: 243.67 | R10: 985.363 | S10: 250.967 | T10: 260.4 | U10: =P10*(1+U55) -> 277.08912 | V10: =Q10*(1+V55) -> 261.94525 | W10: =SUM(S10:V10) -> 1050.4014 | AB10: =W10*(1+AB55) -> 1113.4255 | AG10: =AB10*(1+AG55) -> 1169.0967
B11: Vehicle Sales Revenue | G11: 165 | H11: 127.729 | I11: 130.744 | J11: 146.836 | K11: 157.885 | L11: 196.719 | M11: 205.076 | N11: 43.789 | O11: 37.75 | P11: 40.578 | Q11: 38.622 | R11: 160.716 | S11: 37.871 | T11: 39.28 | U11: =P11*(1+U56) -> 42.20112 | V11: =Q11*(1+V56) -> 39.97377 | W11: =SUM(S11:V11) -> 159.32589 | AB11: =W11*(1+AB56) -> 164.10567 | AG11: =AB11*(1+AG56) -> 169.02884
B12: Total Revenue | C12: 400.7965 | D12: 450.159 | E12: 528.57 | F12: 560.68 | G12: =SUM(G10:G11) -> 785 | H12: =SUM(H10:H11) -> 743.082 | I12: =SUM(I10:I11) -> 772.879 | J12: =SUM(J10:J11) -> 861.345 | K12: =SUM(K10:K11) -> 924.191 | L12: =SUM(L10:L11) -> 1046.386 | M12: =SUM(M10:M11) -> 1163.489 | N12: =SUM(N10:N11) -> 290.386 | O12: =SUM(O10:O11) -> 276.258 | P12: 297.14 | Q12: 282.29 | R12: =SUM(R10:R11) -> 1146.079 | S12: =SUM(S10:S11) -> 288.838 | T12: =SUM(T10:T11) -> 299.68 | U12: =SUM(U10:U11) -> 319.29024 | V12: =SUM(V10:V11) -> 301.91902 | W12: =SUM(S12:V12) -> 1209.7273 | X12: =SUM(X10:X11) -> 0 | Y12: =SUM(Y10:Y11) -> 0 | Z12: =SUM(Z10:Z11) -> 0 | AA12: =SUM(AA10:AA11) -> 0 | AB12: =SUM(AB10:AB11) -> 1277.5311 | AC12: =SUM(AC10:AC11) -> 0 | AD12: =SUM(AD10:AD11) -> 0 | AE12: =SUM(AE10:AE11) -> 0 | ... AG12: =SUM(AG10:AG11) -> 1338.1256 | AI12: 0
B13: (-) Yard operations | C13: 208.9541 | D13: 247.546 | E13: 298.023 | F13: 286.084 | G13: 324.576 | H13: 291.991 | I13: 283.671 | J13: 323.892 | K13: 344.566 | L13: 417.462 | M13: 484.207 | N13: 122.145 | O13: 120.73 | P13: 125.348 | Q13: 122.529 | R13: =526.291-R14 -> 490.752 | S13: 127.564 | T13: 132.717 | U13: 130.5 | V13: 127 | W13: =SUM(S13:V13) -> 517.781 | AB13: =AB12*AB47 -> 527.62035 | AG13: =AG12*AG47 -> 537.92648
B14: (-) Yard D&A | C14: 0 | D14: 0 | E14: 0 | F14: 7.813 | G14: 32.166 | H14: 32.803 | I14: 34.941 | J14: 36.958 | K14: 33.038 | L14: 40.766 | M14: 36.216 | N14: 8.86 | O14: 8.543 | P14: 9.874 | Q14: 8.262 | R14: =SUM(N14:Q14) -> 35.539 | S14: 8.345 | T14: 8.248 | U14: 9 | V14: 9 | W14: =SUM(S14:V14) -> 34.593 | AB14: 35 | AG14: 37
B15: (-) Cost of Vehicle Sales | C15: 0 | D15: 0 | E15: 0 | F15: 0 | G15: 105.847 | H15: 106.03 | I15: 104.673 | J15: 125.202 | K15: 136.971 | L15: 167.236 | M15: 174.493 | N15: 37.073 | O15: 32.118 | P15: 34.503 | Q15: 32.718 | R15: 136.412 | S15: 32.068 | T15: 34.127 | U15: 35.5 | V15: 33.5 | W15: =SUM(S15:V15) -> 135.195 | AB15: =AB12*AB51 -> 134.14077 | AG15: =AG12*AG51 -> 137.82693 | AI15: 0
B16: Gross Profit | C16: 208.9541 | D16: 202.613 | E16: 230.547 | F16: 266.783 | G16: 322.259 | H16: 312.258 | I16: 349.594 | J16: 386.194 | K16: 409.616 | L16: 420.922 | M16: 468.573 | N16: =N12-N13-N14-N15 -> 122.308 | O16: =O12-O13-O14-O15 -> 114.867 | P16: =P12-P13-P14-P15 -> 127.415 | Q16: =Q12-Q13-Q14-Q15 -> 118.781 | R16: =R12-R13-R14-R15 -> 483.376 | S16: =S12-S13-S14-S15 -> 120.861 | T16: =T12-T13-T14-T15 -> 124.588 | U16: =U12-U13-U14-U15 -> 144.29024 | ... AG16: =AG12-AG13-AG14-AG15 -> 625.37215 | AI16: =AI13-AI14-AI15 -> 0 | AM16: =AM13-AM14-AM15 -> 0 | AN16: =AN13-AN14-AN15 -> 0 | AO16: =AO13-AO14-AO15 -> 0
B17: (-) General and Administrative | C17: 36.4681 | D17: 45.988 | E17: 58.985 | F17: 61.78 | G17: 73.733 | H17: 74.69 | I17: 100.634 | J17: 99.22 | K17: 99.378 | L17: 121.968 | M17: 147.027 | N17: 37.037 | O17: 27.587 | P17: 32.65 | Q17: 24.64 | R17: =138.975-R14 -> 103.436 | S17: 31.439 | T17: 29.086 | U17: 30 | V17: 30 | W17: =SUM(S17:V17) -> 120.525 | AB17: 130 | AG17: 140
B18: (-) General and Administrative D&A | C18: 30.8091 | D18: 0 | E18: 0 | F18: 1.857 | G18: 10.608 | H18: 9.046 | I18: 8.29 | J18: 8.744 | K18: 15.123 | L18: 15.962 | M18: 17.508 | N18: 2.87 | O18: 6.812 | P18: 0 | Q18: 7.379 | R18: =SUM(N18:Q18) -> 17.061 | S18: 3.176 | T18: 3.443 | U18: 3.4 | V18: 3.2 | W18: =SUM(S18:V18) -> 13.219 | AB18: 15 | AG18: 17
B19: Total Operating Expenses | C19: 276.2313 | D19: 293.534 | E19: 357.008 | F19: 357.534 | G19: 546.93 | H19: 514.56 | I19: 532.209 | J19: 594.016 | K19: 629.076 | L19: 763.394 | M19: 859.451 | N19: =SUM(N13:N18)-N16 -> 207.985 | O19: =SUM(O13:O18)-O16 -> 195.79 | P19: =SUM(P13:P18)-P16 -> 202.375 | Q19: =SUM(Q13:Q18)-Q16 -> 195.528 | R19: =SUM(R13:R18)-R16 -> 783.2 | S19: =SUM(S13:S18)-S16 -> 202.592 | T19: =SUM(T13:T18)-T16 -> 207.621 | U19: =SUM(U13:U18)-U16 -> 208.4 | V19: =SUM(V13:V18)-V16 -> 202.7 | W19: =SUM(S19:V19) -> 821.313 | X19: =SUM(X13:X18)-X16 -> 0 | Y19: =SUM(Y13:Y18)-Y16 -> 0 | Z19: =SUM(Z13:Z18)-Z16 -> 0 | AA19: =SUM(AA13:AA18)-AA16 -> 0 | AB19: =SUM(AB13:AB18)-AB16 -> 841.76112 | AC19: =SUM(AC13:AC18)-AC16 -> 0 | AD19: =SUM(AD13:AD18)-AD16 -> 0 | AE19: =SUM(AE13:AE18)-AE16 -> 0 | ... AG19: =SUM(AG13:AG18)-AG16 -> 869.75341
B20: EBIT | C20: 124.5652 | D20: 156.625 | E20: 171.562 | F20: 203.146 | G20: 237.918 | H20: 228.522 | I20: 230.77 | J20: 265.2 | K20: 286.3 | L20: 282.992 | M20: 274.93 | N20: =N12-N19 -> 82.401 | O20: =O12-O19 -> 80.468 | P20: =P12-P19 -> 94.765 | Q20: =Q12-Q19 -> 86.762 | R20: 344.401 | S20: =S12-S19 -> 86.246 | T20: =T12-T19 -> 92.059 | U20: =U12-U19 -> 110.89024 | V20: =V12-V19 -> 99.21902 | W20: =W12-W19 -> 388.41426 | X20: =X12-X19 -> 0 | Y20: =Y12-Y19 -> 0 | Z20: =Z12-Z19 -> 0 | ... AG20: =AG12-AG19 -> 468.37215
B21: EBITDA | C21: =C20+C18+C14 -> 155.3743 | D21: =D20+D18+D14 -> 156.625 | E21: =E20+E18+E14 -> 171.562 | F21: =F20+F18+F14 -> 212.816 | G21: =G20+G18+G14 -> 280.692 | H21: =H20+H18+H14 -> 270.371 | I21: =I20+I171 -> 274.012 | J21: =J20+J171 -> 310.894 | K21: =K20+K171 -> 334.467 | L21: =L20+L171 -> 339.72 | M21: =M20+M171 -> 328.656 | N21: 96.368 | O21: 91.868 | P21: 106.979 | Q21: 98.079 | R21: =SUM(N21:Q21) -> 393.294 | S21: =S20+S18+S14 -> 97.767 | T21: =T20+T18+T14 -> 103.75 | U21: =U20+U18+U14 -> 123.29024 | V21: =V20+V18+V14 -> 111.41902 | W21: =W20+W18+W14 -> 436.22626 | X21: =X20+X18+X14 -> 0 | Y21: =Y20+Y18+Y14 -> 0 | Z21: =Z20+Z18+Z14 -> 0 | ... AG21: =AG20+AG18+AG14 -> 522.37215
B22: (-) Net Interest Income (Expense) | C22: 1.5064 | D22: 4.846 | E22: 8.109 | F22: 13.643 | G22: 7.551 | H22: 1.417 | I22: -0.011 | J22: -3.585 | K22: -10.984 | L22: -9.629 | M22: -8.277 | N22: =-1.91+0.13 -> -1.78 | O22: =-4.68+0.18 -> -4.5 | P22: =-5.656 -> -5.656 | Q22: =-5.372 -> -5.372 | R22: =-18.121+0.817 -> -17.304 | S22: =-5.72+0.2 -> -5.52 | T22: =-5.57+0.6 -> -4.97 | U22: -5 | V22: -5 | W22: =SUM(S22:V22) -> -20.49 | AB22: =W22 -> -20.49 | AG22: =AB22 -> -20.49
B23: (-) Other Income, net | C23: 4.025 | D23: 2.254 | E23: 1.638 | F23: 2.848 | G23: 4.182 | H23: 0.989 | I23: 1.236 | J23: 2.171 | K23: 2.687 | L23: 3.509 | M23: 3.378 | N23: 1.593 | O23: 4.141 | P23: -0.815 | Q23: 0 | R23: 4.972 | S23: 1.02 | T23: 4.435 | U23: -1 | V23: 1 | W23: =SUM(S23:V23) -> 5.455 | AB23: 5 | AG23: 5
B24: PBT | C24: 130.0966 | D24: 164.795 | E24: 174.525 | F24: 217.421 | G24: 249.651 | H24: 230.928 | I24: 231.995 | J24: 263.786 | K24: 278.003 | L24: 276.872 | M24: 270.031 | N24: =N20+N22+N23 -> 82.214 | O24: =O20+O22+O23 -> 80.109 | P24: 88.29 | Q24: 81.44 | R24: =R20+R22+R23 -> 332.069 | S24: =S20+S22+S23 -> 81.746 | T24: =T20+T22+T23 -> 91.524 | U24: =U20+U22+U23 -> 104.89024 | V24: =V20+V22+V23 -> 95.21902 | W24: =W20+W22+W23 -> 373.37926 | X24: =X20+X22+X23 -> 0 | Y24: =Y20+Y22+Y23 -> 0 | ... AG24: =AG20+AG22+AG23 -> 452.88215
B25: (-) Taxes | C25: 51.0757 | D25: 62.847 | E25: 61.773 | F25: 81.083 | G25: 92.718 | H25: 89.402 | I25: 87.868 | J25: 97.502 | K25: 95.937 | L25: 96.847 | M25: 91.348 | N25: 29.608 | O25: 27.911 | P25: 30.733 | Q25: 24.034 | R25: 112.286 | S25: 29.347 | T25: 32.589 | U25: =U52*U24 -> 36.711584 | V25: =V52*V24 -> 33.326657 | W25: =SUM(S25:V25) -> 131.97424 | AB25: =AB24*AB52 -> 147.098 | AG25: =AG24*AG52 -> 158.50875
B26: Net Income | C26: 79.0209 | D26: 101.948 | E26: 112.752 | F26: 136.338 | G26: 156.933 | H26: 141.526 | I26: 143.32 | J26: 166.284 | K26: 182.066 | L26: 180.025 | M26: 178.683 | N26: =N24-N25 -> 52.606 | O26: =O24-O25 -> 52.198 | P26: 57.563 | Q26: 57.412 | R26: =R24-R25 -> 219.783 | S26: =S24-S25 -> 52.399 | T26: =T24-T25 -> 58.935 | U26: =U24-U25 -> 68.178656 | V26: =V24-V25 -> 61.892363 | W26: =W24-W25 -> 241.40502 | X26: =X24-X25 -> 0 | Y26: =Y24-Y25 -> 0 | ... AG26: =AG24-AG25 -> 294.3734
B27: Fully Diluted Shares Outstanding | C27: 183.73155 | D27: 186.056 | E27: 185.539 | F27: 186.8205 | G27: 179.547 | H27: 169.261 | I27: 170.055 | J27: 153.255 | K27: 131.424 | L27: 129.781 | M27: 131.23 | N27: 131.517 | O27: 131.87 | P27: =P26/P28 -> 130.825 | Q27: =Q26/Q28 -> 130.48182 | R27: 131.425 | S27: 125.57 | T27: 122.9 | U27: =T27 -> 122.9 | V27: =U27 -> 122.9 | W27: =AVERAGE(S27:V27) -> 123.5675 | AB27: =W27+(AB206/Drivers!H38) -> 119.02205 | AG27: =AB27+(AG206/Drivers!I38) -> 114.85538
B28: Diluted EPS | C28: =C26/C27 -> 0.4300889 | D28: =D26/D27 -> 0.54794255 | E28: =E26/E27 -> 0.60769973 | F28: =F26/F27 -> 0.72978073 | G28: =G26/G27 -> 0.87404969 | H28: =H26/H27 -> 0.83614063 | I28: =I26/I27 -> 0.84278616 | J28: =J26/J27 -> 1.0850152 | ... O28: =O26/O27 -> 0.39582923 | P28: 0.44 | Q28: 0.44 | R28: =R26/R27 -> 1.6723074 | S28: =S26/S27 -> 0.41728916 | T28: =T26/T27 -> 0.47953621 | U28: =U26/U27 -> 0.55474903 | V28: =V26/V27 -> 0.50359937 | W28: =SUM(S28:V28) -> 1.9551738 | AB28: =AB26/AB27 -> 2.2952219 | AG28: =AG26/AG27 -> 2.5629918
B30: Consensus
B31: Service Revs | W31: 1048 | AB31: 1093 | AG31: 1165
B32: Vehicle Revs | W32: 157 | AB32: 168 | AG32: 169
B33: Revs | U33: 319 | V33: 301 | W33: 1209 | X33: 307 | Y33: 318 | Z33: 347 | AA33: 325 | AB33: 1274 | AG33: 1331
B34: Gross Profit | U34: 142 | V34: 131 | W34: 523 | X34: 130 | Y34: 134 | Z34: 152 | AA34: =AB34-Z34-Y34-X34 -> 146 | AB34: 562 | AG34: 577
B35: EBITDA | U35: 115 | V35: 107 | W35: 428 | X35: 103 | Y35: 109 | Z35: 124 | AA35: =AB35-Z35-Y35-X35 -> 126 | AB35: 462 | AG35: 483
B36: EPS | U36: 0.54 | V36: 0.49 | W36: =V36+U36+T28+S28 -> 1.9268254 | X36: 0.5 | Y36: 0.52 | Z36: 0.6 | AA36: =AB36-Z36-Y36-X36 -> 0.54 | AB36: 2.16 | AG36: 2.3
B38: Cons. P/E | W38: =Cover!$G$45/Model!W36 -> 21.434221 | AB38: =Cover!$G$45/Model!AB36 -> 19.12037 | AG38: =Cover!$G$45/Model!AG36 -> 17.956522
B39: Cons. EV/EBITDA | W39: =Cover!$G$49/Model!W35 -> 13.066731 | AB39: =Cover!$G$49/Model!AB35 -> 12.10511 | AG39: =Cover!$G$49/Model!AG35 -> 11.578801
B41: Margins
B42: Gross Margin % | C42: =1-(C13+C14+C15)/C12 -> 0.47865288 | D42: =D16/D12 -> 0.45009208 | E42: =E16/E12 -> 0.43617118 | F42: =F16/F12 -> 0.47582043 | G42: =G16/G12 -> 0.41052102 | H42: =H16/H12 -> 0.42022011 | I42: =I16/I12 -> 0.45232695 | J42: =J16/J12 -> 0.44836157 | K42: =K16/K12 -> 0.44321574 | ... AG42: =AG16/AG12 -> 0.46734938
B43: Operating Margin % | C43: =C20/C12 -> 0.31079413 | D43: =D20/D12 -> 0.34793262 | E43: =E20/E12 -> 0.32457763 | F43: =F20/F12 -> 0.36232075 | G43: =G20/G12 -> 0.30308025 | H43: =H20/H12 -> 0.30753268 | I43: =I20/I12 -> 0.2985849 | J43: =J20/J12 -> 0.30789057 | ... W43: =W20/W12 -> 0.32107589 | AB43: =AB20/AB12 -> 0.34110324 | AG43: =AG20/AG12 -> 0.35002108
B44: EBITDA Margin % | C44: =C21/C12 -> 0.38766381 | D44: =D21/D12 -> 0.34793262 | E44: =E21/E12 -> 0.32457763 | F44: =F21/F12 -> 0.37956767 | G44: =G21/G12 -> 0.35756943 | H44: =H21/H12 -> 0.36385083 | I44: =I21/I12 -> 0.35453415 | J44: =J21/J12 -> 0.36094016 | ... W44: =W21/W12 -> 0.36059885 | AB44: =AB21/AB12 -> 0.38024123 | AG44: =AG21/AG12 -> 0.39037604
B46: % of Sales
B47: Yard Operations / Sales % | C47: =C13/C12 -> 0.52134712 | D47: =D13/D12 -> 0.54990792 | E47: =E13/E12 -> 0.56382882 | F47: =F13/F12 -> 0.5102447 | G47: =G13/G12 -> 0.41347261 | H47: =H13/H12 -> 0.39294587 | I47: =I13/I12 -> 0.36703158 | J47: =J13/J12 -> 0.37603051 | ... W47: =W13/W12 -> 0.42801466 | AB47: =Drivers!H21 -> 0.413 | AG47: =Drivers!I21 -> 0.402
B48: Adj. Yard Operations / Sales % | L48: =L82/L77 -> 0.38383205 | M48: =M82/M77 -> 0.4046744
B49: G&A / Sales % | C49: =C17/C12 -> 0.090989068 | D49: =D17/D12 -> 0.10215946 | E49: =E17/E12 -> 0.11159354 | F49: =F17/F12 -> 0.11018763 | G49: =G17/G12 -> 0.093927389 | H49: =H17/H12 -> 0.10051381 | I49: =I17/I12 -> 0.13020667 | J49: =J17/J12 -> 0.11519194 | ... W49: =W17/W12 -> 0.099629895 | AB49: =AB17/AB12 -> 0.10175877 | AG49: =AG17/AG12 -> 0.10462396
B50: Adj. G&A / Sales % | L50: =L87/L77 -> 0.10773855 | M50: =M87/M77 -> 0.1170812
B51: Cost of Vehicle Sales / Sales % | C51: =C15/C12 -> 0 | D51: =D15/D12 -> 0 | E51: =E15/E12 -> 0 | F51: =F15/F12 -> 0 | G51: =G15/G12 -> 0.13483694 | H51: =H15/H12 -> 0.1426895 | I51: =I15/I12 -> 0.13543258 | J51: =J15/J12 -> 0.14535639 | ... W51: =W15/W12 -> 0.1117566 | AB51: =Drivers!H27 -> 0.105 | AG51: =Drivers!I27 -> 0.103
B52: Tax Rate | C52: =C25/C24 -> 0.39259827 | D52: =D25/D24 -> 0.38136473 | E52: =E25/E24 -> 0.35394929 | F52: =F25/F24 -> 0.37293086 | G52: =G25/G24 -> 0.37139046 | H52: =H25/H24 -> 0.38714231 | I52: =I25/I24 -> 0.37874954 | J52: =J25/J24 -> 0.36962538 | ... T52: =T25/T24 -> 0.35607054 | U52: 0.35 | V52: 0.35 | W52: =W25/W24 -> 0.35345895 | AB52: 0.35 | AG52: 0.35
B54: Growth Rates
B55: Service Revenue Growth y/y % | G55: 0 | H55: =H10/G10-1 -> -0.0074951613 | I55: =I10/H10-1 -> 0.043522986 | J55: =J10/I10-1 -> 0.11270839 | K55: =K10/J10-1 -> 0.072493139 | L55: =L10/K10-1 -> 0.10878291 | M55: =M10/L10-1 -> 0.12798661 | N55: 0.089 | O55: 0.012 | P55: 0.006 | Q55: 0.01 | R55: =R10/M10-1 -> 0.028119402 | S55: =S10/N10-1 -> 0.017721221 | T55: =T10/O10-1 -> 0.091787278 | U55: 0.08 | V55: 0.075 | W55: =W10/R10-1 -> 0.066004478 | X55: =X10/S10-1 -> -1 | Y55: =Y10/T10-1 -> -1 | Z55: =Z10/U10-1 -> -1 | AA55: =AA10/V10-1 -> -1 | AB55: =Drivers!H9 -> 0.06 | AC55: =AC10/X10-1 -> #DIV/0! | AD55: =AD10/Y10-1 -> #DIV/0! | AE55: =AE10/Z10-1 -> #DIV/0! | AF55: =AF10/AA10-1 -> #DIV/0! | AG55: =Drivers!I9 -> 0.05
B56: Vehicle Sales Revenue Growth y/y % | G56: 0 | H56: =H11/G11-1 -> -0.22588485 | I56: =I11/H11-1 -> 0.023604663 | J56: =J11/I11-1 -> 0.12308022 | K56: =K11/J11-1 -> 0.075247215 | L56: =L11/K11-1 -> 0.24596383 | M56: =M11/L11-1 -> 0.042481916 | N56: -0.182 | O56: -0.255 | P56: -0.258 | Q56: -0.164 | R56: =R11/M11-1 -> -0.21631005 | S56: =S11/N11-1 -> -0.1351481 | T56: =T11/O11-1 -> 0.040529801 | U56: 0.04 | V56: 0.035 | W56: =W11/R11-1 -> -0.0086494811 | X56: =X11/S11-1 -> -1 | Y56: =Y11/T11-1 -> -1 | Z56: =Z11/U11-1 -> -1 | AA56: =AA11/V11-1 -> -1 | AB56: =Drivers!H15 -> 0.03 | AC56: =AC11/X11-1 -> #DIV/0! | AD56: =AD11/Y11-1 -> #DIV/0! | AE56: =AE11/Z11-1 -> #DIV/0! | AF56: =AF11/AA11-1 -> #DIV/0! | AG56: =Drivers!I15 -> 0.03
B57: Revenue growth y/y % | D57: =D12/C12-1 -> 0.12316101 | E57: =E12/D12-1 -> 0.17418512 | F57: =F12/E12-1 -> 0.060748813 | G57: =G12/F12-1 -> 0.40008561 | H57: =H12/G12-1 -> -0.053398726 | I57: =I12/H12-1 -> 0.040099208 | J57: =J12/I12-1 -> 0.11446294 | K57: =K12/J12-1 -> 0.072962634 | ... M57: =M12/L12-1 -> 0.11191186 | N57: 0.038 | O57: -0.036 | P57: -0.041 | Q57: -0.018 | R57: =R12/M12-1 -> -0.014963614 | S57: =S12/N12-1 -> -0.0053308355 | T57: =T12/O12-1 -> 0.084783065 | U57: =U12/P12-1 -> 0.074544794 | V57: =V12/Q12-1 -> 0.069534946 | W57: =W12/R12-1 -> 0.055535666 | X57: =X12/S12-1 -> -1 | Y57: =Y12/T12-1 -> -1 | ... AG57: =AG12/AB12-1 -> 0.047430894 | AI57: 0
B58: EBITDA growth y/y % | D58: =D21/C21-1 -> 0.0080495938 | E58: =E21/D21-1 -> 0.095367917 | F58: =F21/E21-1 -> 0.24046117 | G58: =G21/F21-1 -> 0.31894218 | H58: =H21/G21-1 -> -0.03676984 | I58: =I21/H21-1 -> 0.013466681 | J58: =J21/I21-1 -> 0.13459994 | K58: =K21/J21-1 -> 0.075823271 | ... M58: =M21/L21-1 -> -0.032567997 | R58: =R21/M21-1 -> 0.19667373 | S58: =S21/N21-1 -> 0.014517267 | T58: =T21/O21-1 -> 0.12933775 | U58: =U21/P21-1 -> 0.15247142 | V58: =V21/Q21-1 -> 0.13601301 | W58: =W21/R21-1 -> 0.10916073 | X58: =X21/S21-1 -> -1 | Y58: =Y21/T21-1 -> -1 | ... AG58: =AG21/AB21-1 -> 0.075348732
B59: EPS growth y/y % | D59: =D28/C28-1 -> 0.27402162 | E59: =E28/D28-1 -> 0.10905737 | F59: =F28/E28-1 -> 0.20089033 | G59: =G28/F28-1 -> 0.1976881 | H59: =H28/G28-1 -> -0.043371741 | I59: =I28/H28-1 -> 0.0079478526 | J59: =J28/I28-1 -> 0.28741456 | K59: =K28/J28-1 -> 0.27678673 | ... M59: =M28/L28-1 -> -0.018413892 | R59: =R28/M28-1 -> 0.22819127 | S59: =S28/N28-1 -> 0.043238768 | T59: =T28/O28-1 -> 0.21147247 | U59: =U28/P28-1 -> 0.26079325 | V59: =V28/Q28-1 -> 0.14454403 | W59: =W28/R28-1 -> 0.16914736 | X59: =X28/S28-1 -> -1 | Y59: =Y28/T28-1 -> -1 | ... AG59: =AG28/AB28-1 -> 0.1166641
B60: FCF growth y/y % | D60: =D70/C70-1 -> 0.37676481 | E60: =E70/D70-1 -> -0.35463841 | F60: =F70/E70-1 -> 1.3377553 | G60: =G70/F70-1 -> -0.23294299 | H60: =H70/G70-1 -> 0.54227438 | I60: =I70/H70-1 -> -0.007174996 | J60: =J70/I70-1 -> 0.39812409 | K60: =K70/J70-1 -> 0.012033896 | ... M60: =M70/L70-1 -> 1.4150244 | R60: =R70/M70-1 -> 0.11782845 | S60: =S70/N70-1 -> -0.034612504 | T60: =T70/O70-1 -> 2.9228919 | U60: =U70/P70-1 -> 0.38465705 | V60: =V70/Q70-1 -> 0.97321499 | W60: =W70/R70-1 -> 0.025033033 | X60: =X70/W70-1 -> -1 | Y60: =Y70/X70-1 -> #DIV/0! | Z60: =Z70/Y70-1 -> #DIV/0! | AA60: =AA70/Z70-1 -> #DIV/0! | AB60: =AB70/W70-1 -> 0.22974135 | AC60: =AC70/AB70-1 -> -1 | AD60: =AD70/AC70-1 -> #DIV/0! | AE60: =AE70/AD70-1 -> #DIV/0! | AF60: =AF70/AE70-1 -> #DIV/0! | AG60: =AG70/AB70-1 -> 0.22294702
B61: FCF/Share growth y/y % | D61: =D71/C71-1 -> 0.3595645 | E61: =E71/D71-1 -> -0.35284012 | F61: =F71/E71-1 -> 1.3217194 | G61: =G71/F71-1 -> -0.20186929 | H61: =H71/G71-1 -> 0.63599847 | I61: =I71/H71-1 -> -0.011810573 | J61: =J71/I71-1 -> 0.55138816 | K61: =K71/J71-1 -> 0.18014407 | ... M61: =M71/L71-1 -> 1.3883585 | R61: =R71/M71-1 -> 0.11616989 | S61: =S71/N71-1 -> 0.011108285 | T61: =T71/O71-1 -> 3.2092088 | U61: =U71/P71-1 -> 0.47394433 | V61: =V71/Q71-1 -> 1.0949445 | W61: =W71/R71-1 -> 0.090213578 | X61: =X71/W71-1 -> #DIV/0! | Y61: =Y71/X71-1 -> #DIV/0! | Z61: =Z71/Y71-1 -> #DIV/0! | AA61: =AA71/Z71-1 -> #DIV/0! | AB61: =AB71/W71-1 -> 0.27670519 | AC61: =AC71/AB71-1 -> #DIV/0! | AD61: =AD71/AC71-1 -> #DIV/0! | AE61: =AE71/AD71-1 -> #DIV/0! | AF61: =AF71/AE71-1 -> #DIV/0! | AG61: =AG71/AB71-1 -> 0.26731248
B63: EBITDA | C63: =C21 -> 155.3743 | D63: =D21 -> 156.625 | E63: =E21 -> 171.562 | F63: =F21 -> 212.816 | G63: =G21 -> 280.692 | H63: =H21 -> 270.371 | I63: =I21 -> 274.012 | J63: =J21 -> 310.894 | ... AG63: =AG21 -> 522.37215
B64: (-) Capex | C64: =C197 -> -64.5514 | D64: =D197 -> -66.258 | E64: =E197 -> -97.036 | F64: =F197 -> -76.847 | G64: =G197 -> -113.364 | H64: =H197 -> -78.912 | I64: =I197 -> -75.84 | J64: =J197 -> -70.17 | ... W64: =W197 -> -102.763 | AB64: =AB197 -> -100 | AG64: =AG197 -> -75
B65: (-) Cash Interest | C65: =-C218 -> -0.0031 | D65: =-D218 -> -0.062 | E65: =-E218 -> 0 | F65: =-F218 -> -0.016 | G65: =-G218 -> -0.117 | H65: =-H218 -> -0.353 | I65: =-I218 -> -0.216 | J65: =-J218 -> -3.894 | ... AG65: =-AG218 -> -20
B66: (-) Cash Taxes | C66: =-C219 -> -41.7525 | D66: =-D219 -> -64.67 | E66: =-E219 -> -71.542 | F66: =-F219 -> -84.247 | G66: =-G219 -> -85.01 | H66: =-H219 -> -71.908 | I66: =-I219 -> -93.989 | J66: =-J219 -> -85.145 | ... AG66: =-AG219 -> -158.50875
B67: (+/-) Change in WC | C67: =C190 -> 5.8482 | D67: =D190 -> 9.481 | E67: =E190 -> -12.048 | F67: =F190 -> 11.138 | G67: =G190 -> -17.686 | H67: =H190 -> 21.57 | I67: =I190 -> -3.923 | J67: =J190 -> 15.778 | ... AG67: =AG190 -> -7.544038
B68: Free Cash Flow | C68: =C63+C64+C65+C66+C67 -> 54.9155 | D68: =D63+D64+D65+D66+D67 -> 35.116 | E68: =E63+E64+E65+E66+E67 -> -9.064 | F68: =F63+F64+F65+F66+F67 -> 62.844 | G68: =G63+G64+G65+G66+G67 -> 64.515 | H68: =H63+H64+H65+H66+H67 -> 140.768 | I68: =I63+I64+I65+I66+I67 -> 100.044 | J68: =J63+J64+J65+J66+J67 -> 167.463 | ... AG68: =AG63+AG64+AG65+AG66+AG67 -> 261.31936
B69: FCF/Share | C69: =C68/C27 -> 0.29888987 | D69: =D68/D27 -> 0.18873887 | E69: =E68/E27 -> -0.048852263 | F69: =F68/F27 -> 0.33638707 | G69: =G68/G27 -> 0.35932096 | H69: =H68/H27 -> 0.83166234 | I69: =I68/I27 -> 0.58830378 | J69: =J68/J27 -> 1.0927082 | ... AG69: =AG68/AG27 -> 2.2752035
B70: Free Cash Flow (OCF - Capex) | C70: =C191+C197 -> 50.6499 | D70: =D191+D197 -> 69.733 | E70: =E191+E197 -> 45.003 | F70: =F191+F197 -> 105.206 | G70: =G191+G197 -> 80.699 | H70: =H191+H197 -> 124.46 | I70: =I191+I197 -> 123.567 | J70: =J191+J197 -> 172.762 | ... AG70: =AG191+AG197 -> 287.40136 | AI70: 0
B71: FCF / Diluted Share | C71: =C70/C27 -> 0.27567339 | D71: =D70/D27 -> 0.37479576 | E71: =E70/E27 -> 0.24255278 | F71: =F70/F27 -> 0.56313948 | G71: =G70/G27 -> 0.44945892 | H71: =H70/H27 -> 0.7353141 | I71: =I70/I27 -> 0.72662962 | J71: =J70/J27 -> 1.1272846 | ... AG71: =AG70/AG27 -> 2.5022891
B72: FCF / Net Income % | C72: =C68/C26 -> 0.69494906 | D72: =D68/D26 -> 0.34445011 | E72: =E68/E26 -> -0.080388818 | F72: =F68/F26 -> 0.46094266 | G72: =G68/G26 -> 0.411099 | H72: =H68/H26 -> 0.99464409 | I72: =I68/I26 -> 0.69804633 | J72: =J68/J26 -> 1.0070903 | ... AG72: =AG68/AG26 -> 0.88771391
B74: Adjustments
B75: Sandy Revenue | L75: =18.5+12.7 -> 31.2
B76: QCSA Revenue | L76: 11.2 | M76: 70
B77: Adjusted Revenue | L77: =L12-L75-L76 -> 1003.986 | M77: =M12-M75-M76 -> 1093.489
B79: Sandy Yard Opex | L79: 25.7
B80: QCSA Yard Opex | L80: 6.4 | M80: 37.6 | V80: =20*2.25 -> 45
B81: Restructuring Yard Opex | M81: 4.1
B82: Adjusted Yard Operations | L82: =L13-L79-L80-L81 -> 385.362 | M82: =M13-M79-M80-M81 -> 442.507 | T82: =2*1.2 -> 2.4
T83: =20*2.4 -> 48
B84: Sandy G&A | L84: 10
B85: QCSA G&A | L85: 2.8 | M85: 11.5
B86: Restructuring/Other G&A | L86: 1 | M86: 7.5
B87: Adjusted G&A | L87: =L17-L84-L85-L86 -> 108.168 | M87: =M17-M84-M85-M86 -> 128.027 | T87: =2.5/0.04 -> 62.5
B90: Geographic Mix
B91: NA | L91: 826 | M91: 904 | R91: 914.44
B92: UK | L92: 209.18 | M92: 235.24 | R92: 209.823
B93: Other | L93: 11.17 | M93: 24.244 | R93: 21.183
B94: Total | L94: =SUM(L91:L93) -> 1046.35 | M94: =SUM(M91:M93) -> 1163.484 | R94: =SUM(R91:R93) -> 1145.446
B96: BALANCE SHEET | C96: FY2004 | D96: 2005 | E96: =D96+1 -> 2006 | F96: =E96+1 -> 2007 | G96: =F96+1 -> 2008 | H96: =G96+1 -> 2009 | I96: =H96+1 -> 2010 | J96: =I96+1 -> 2011 | K96: =J96+1 -> 2012 | L96: =K96+1 -> 2013 | M96: =L96+1 -> 2014 | R96: 2015 | W96: 2016E | AB96: 2017E | AG96: 2018E | AI96: 0
AI97: 0
B98: Cash & equivalents | C98: =#REF!/1000 -> #REF! | D98: =#REF!/1000 -> #REF! | E98: =#REF!/1000 -> #REF! | F98: =#REF!/1000 -> #REF! | G98: =#REF!/1000 -> #REF! | H98: =#REF!/1000 -> #REF! | I98: =#REF!/1000 -> #REF! | J98: =#REF!/1000 -> #REF! | ... M98: =#REF!/1000 -> #REF! | R98: 456.01 | S98: 472.91 | T98: 141.416
B99: Marketable Securities | C99: =#REF!/1000 -> #REF! | D99: =#REF!/1000 -> #REF! | E99: =#REF!/1000 -> #REF! | F99: =#REF!/1000 -> #REF! | G99: =#REF!/1000 -> #REF! | H99: =#REF!/1000 -> #REF! | I99: =#REF!/1000 -> #REF! | J99: =#REF!/1000 -> #REF! | ... M99: =#REF!/1000 -> #REF! | R99: 0 | S99: 21.89 | T99: 17.465
B100: Total Cash & Short-term investments | C100: 178.32 | D100: 252.548 | E100: 275.315 | F100: 200.99 | G100: 38.954 | H100: 162.691 | I100: 268.188 | J100: 74.009 | K100: 140.112 | L100: 63.631 | M100: 158.668 | N100: =N216 -> 195.913 | O100: =O216 -> 585.042 | P100: =P216 -> 664.274 | Q100: =Q216 -> 437.956 | R100: =SUM(R98:R99) -> 456.01 | S100: =SUM(S98:S99) -> 494.8 | T100: =SUM(T98:T99) -> 158.881 | U100: =U216 -> 253.65414 | V100: =V216 -> 290.79296 | W100: =V100 -> 290.79296 | AB100: =AB216 -> 298.30016 | AG100: =AG216 -> 358.20152
B101: Accounts Receivable | C101: 81.633 | D101: 91.323 | E101: 99.959 | F101: 109.895 | G101: 111.705 | H101: 109.248 | I101: 109.061 | J101: 122.859 | K101: 138.966 | L101: 182.714 | M101: 196.985 | N101: 204.8 | O101: 235.477 | P101: 217 | Q101: =R101 -> 215.6 | R101: 215.6 | S101: 231.403 | T101: 281.227 | U101: =(U12*U143)/91 -> 245.60788 | V101: =(V12*V143)/91 -> 245.51657 | W101: =V101 -> 245.51657 | AB101: =(AB12*AB143)/365 -> 245.00597 | AG101: =(AG12*AG143)/365 -> 249.29463
B102: Vehicle pooling costs | C102: 23.966 | D102: 25.431 | E102: 29.148 | F102: 28.842 | G102: 30.787 | H102: 28.685 | I102: 29.89 | J102: 17.026 | K102: 15.728 | L102: 20.466 | M102: 21.871 | N102: 23.394 | O102: 26.09 | P102: 24.655 | Q102: 24.949 | R102: 24.94 | S102: 26.632 | T102: 29.694 | U102: =T102*(1+U$57) -> 31.907533 | V102: =U102*(1+V$57) -> 34.126222 | W102: =V102 -> 34.126222 | AB102: =W102*(1+AB$57) -> 36.038958 | AG102: =AB102*(1+AG$57) -> 37.748318
B103: Inventories | C103: 0 | D103: 0 | E103: 0 | F103: 5.999 | G103: 5.334 | H103: 4.667 | I103: 4.976 | J103: 8.016 | K103: 8.494 | L103: 10.736 | M103: 9.826 | N103: 7.59 | O103: 8 | P103: 8.1 | Q103: 8.6 | R103: 8.6 | S103: 9.075 | T103: 9.458 | U103: =U144*(U13+U14+U15)/91 -> 9.0384615 | V103: =V144*(V13+V14+V15)/91 -> 8.7543956 | W103: =V103 -> 8.7543956 | AB103: =AB144*(AB13+AB14+AB15)/365 -> 10.49914 | AG103: =AG144*(AG13+AG14+AG15)/365 -> 10.74012
B104: Income taxes receivable | C104: 0 | D104: 0 | E104: 2.064 | F104: 3.208 | G104: 19.041 | H104: 5.426 | I104: 10.958 | J104: 5.145 | K104: 2.312 | L104: 11.632 | M104: 4.091 | N104: 0 | O104: 0 | P104: 0 | Q104: =R104 -> 6.092 | R104: 6.092 | S104: 0.95 | T104: 7.734 | U104: =T104*(1+U$57) -> 8.3105294 | V104: =U104*(1+V$57) -> 8.8884017 | W104: =V104 -> 8.8884017 | AB104: =W104*(1+AB$57) -> 9.3865866 | AG104: =AB104*(1+AG$57) -> 9.8318008
B105: Prepaid expenses & other | C105: 5.437 | D105: 6.826 | E105: 4.864 | F105: 5.518 | G105: 6.932 | H105: 5.216 | I105: 14.342 | J105: 14.813 | K105: 12.755 | L105: 15.344 | M105: 19.505 | N105: 18.891 | O105: 25.7 | P105: 20.89 | Q105: 25.916 | R105: 19.824 | S105: 20.732 | T105: 20 | U105: =T105*(1+U$57) -> 21.490896 | V105: =U105*(1+V$57) -> 22.985264 | W105: =V105 -> 22.985264 | AB105: =W105*(1+AB$57) -> 24.273562 | AG105: =AB105*(1+AG$57) -> 25.424879
B106: Other Assets | C106: 3.755 | D106: 0 | E106: 0 | F106: 0 | G106: 0 | H106: 0 | I106: 0 | J106: 0 | K106: 3.926 | L106: 1.929 | M106: 1.345 | N106: =N107-N105-N103-N102-N101-N100 -> 7.178 | O106: =O107-O105-O103-O102-O101-O100 -> 8.116 | P106: =P107-P105-P103-P102-P101-P100 -> 19.54 | Q106: =R106 -> 3 | R106: 3 | S106: 2.05 | T106: 0 | U106: 0 | V106: 0 | W106: =V106 -> 0 | AB106: 0 | AG106: 0
B107: Current Assets | C107: =SUM(C100:C106) -> 293.111 | D107: =SUM(D100:D106) -> 376.128 | E107: =SUM(E100:E106) -> 411.35 | F107: =SUM(F100:F106) -> 354.452 | G107: =SUM(G100:G106) -> 212.753 | H107: =SUM(H100:H106) -> 315.933 | I107: =SUM(I100:I106) -> 437.415 | J107: =SUM(J100:J106) -> 241.868 | ... M107: =SUM(M100:M106) -> 412.291 | N107: 457.766 | O107: 888.425 | P107: 954.459 | Q107: 734.582 | R107: =SUM(R100:R106) -> 734.066 | S107: =SUM(S100:S106) -> 785.642 | T107: =SUM(T100:T106) -> 506.994 | U107: =SUM(U100:U106) -> 570.00944 | V107: =SUM(V100:V106) -> 611.0638 | W107: =SUM(W100:W106) -> 611.0638 | X107: =SUM(X100:X106) -> 0 | Y107: =SUM(Y100:Y106) -> 0 | ... AG107: =SUM(AG100:AG106) -> 691.24127 | AI107: 0
AI108: 0
B109: Property & Equipment, net | C109: 257.667 | D109: 292.949 | E109: 341.943 | F109: 420.664 | G109: 510.34 | H109: 530.886 | I109: 573.514 | J109: 600.388 | K109: 587.163 | L109: 677.517 | M109: 692.383 | N109: 691.981 | O109: 688.244 | P109: 683.956 | Q109: 700.4 | R109: 700.4 | S109: 705.59 | T109: 744.224 | U109: =T109-U197-U171 -> 741.824 | V109: =U109-V197-V171 -> 744.624 | W109: =V109 -> 744.624 | AB109: =W109-AB197-AB171 -> 794.624 | AG109: =AB109-AG197-AG171 -> 815.624
B110: Intangibles, net | C110: 2.941 | D110: 1.938 | E110: 1.874 | F110: 27.442 | G110: 21.901 | H110: 15.212 | I110: 13.016 | J110: 12.748 | K110: 7.985 | L110: 17.706 | M110: 25.384 | N110: =M110-2 -> 23.384 | O110: 17.9 | P110: 17.9 | Q110: 17.9 | R110: 17.85 | S110: 16.229 | T110: 14.4 | U110: =T110 -> 14.4 | V110: =U110 -> 14.4 | W110: =V110 -> 14.4 | AB110: =W110 -> 14.4 | AG110: =AB110 -> 14.4
B111: Goodwill | C111: 112.691 | D111: 116.375 | E111: 112.291 | F111: 161.645 | G111: 177.164 | H111: 166.327 | I111: 175.87 | J111: 198.62 | K111: 196.438 | L111: 267.463 | M111: 283.638 | N111: =301.1-N110 -> 277.716 | O111: =291.19-O110 -> 273.29 | P111: 271.9 | Q111: =R111 -> 271.85 | R111: 271.85 | S111: 270.62 | T111: 264 | U111: =T111 -> 264 | V111: =U111 -> 264 | W111: =V111 -> 264 | AB111: =W111 -> 264 | AG111: =AB111 -> 264
B112: Deferred Income Taxes | C112: 0 | D112: 0 | E112: 5.137 | F112: 7.785 | G112: 6.938 | H112: 7.759 | I112: 10.213 | J112: 9.425 | K112: 22.28 | L112: 30.117 | M112: 36.721 | N112: 35.47 | O112: 37.52 | P112: 29.116 | Q112: 28.84 | R112: 28.84 | S112: 30.636 | T112: 31.432 | U112: =T112 -> 31.432 | V112: =U112 -> 31.432 | W112: =V112 -> 31.432 | AB112: =W112*(1+AB$57) -> 33.193728 | AG112: =AB112 -> 33.193728
B113: Other Assets | C113: 6.613 | D113: 6.138 | E113: 22.11 | F113: 33.308 | G113: 27.151 | H113: 21.915 | I113: 18.784 | J113: 21.387 | K113: 18.907 | L113: 35.226 | M113: 56.387 | N113: =N114-SUM(N107:N112) -> 50.263 | O113: =O114-SUM(O107:O112) -> 46.692 | P113: =P114-SUM(P107:P112) -> 45.639 | Q113: =Q114-SUM(Q107:Q112) -> 46.128 | R113: 46.7 | S113: 47 | T113: 43.314 | U113: =T113 -> 43.314 | V113: =U113 -> 43.314 | W113: =V113 -> 43.314 | AB113: =W113 -> 43.314 | AG113: =AB113 -> 43.314
B114: Total Assets | C114: =SUM(C107:C113) -> 673.023 | D114: =SUM(D107:D113) -> 793.528 | E114: =SUM(E107:E113) -> 894.705 | F114: =SUM(F107:F113) -> 1005.296 | G114: =SUM(G107:G113) -> 956.247 | H114: =SUM(H107:H113) -> 1058.032 | I114: =SUM(I107:I113) -> 1228.812 | J114: =SUM(J107:J113) -> 1084.436 | ... M114: =SUM(M107:M113) -> 1506.804 | N114: 1536.58 | O114: 1952.071 | P114: 2002.97 | Q114: 1799.7 | R114: =SUM(R107:R113) -> 1799.706 | S114: =SUM(S107:S113) -> 1855.717 | T114: =SUM(T107:T113) -> 1604.364 | U114: =SUM(U107:U113) -> 1664.9794 | V114: =SUM(V107:V113) -> 1708.8338 | W114: =SUM(W107:W113) -> 1708.8338 | X114: =SUM(X107:X113) -> 0 | Y114: =SUM(Y107:Y113) -> 0 | ... AG114: =SUM(AG107:AG113) -> 1861.773 | AI114: 0
...

Sheet Drivers
B2: Copart (CPRT)
B3: Scenario Drivers
B4: $mn (July FY-end)
D7: Case | E7: 1 | G7: 2016 | H7: 2017E | I7: 2018E
B9: Service Revenue Growth y/y % | G9: =Model!W55 -> 0.066004478 | H9: =CHOOSE(scen,H10,H11,H12,H13) -> 0.06 | I9: =CHOOSE(scen,I10,I11,I12,I13) -> 0.05
B10: 1 | C10: Base | H10: 0.06 | I10: 0.05
B11: 2 | C11: Bull | H11: 0.08 | I11: 0.07
B12: 3 | C12: Bear | H12: 0.04 | I12: 0.03
B13: 4 | C13: Nightmare | H13: 0 | I13: -0.03
B15: Vehicle Sales Revenue Growth y/y % | G15: =Model!W56 -> -0.0086494811 | H15: =CHOOSE(scen,H16,H17,H18,H19) -> 0.03 | I15: =CHOOSE(scen,I16,I17,I18,I19) -> 0.03
B16: 1 | C16: Base | H16: 0.03 | I16: 0.03
B17: 2 | C17: Bull | H17: 0.05 | I17: 0.05
B18: 3 | C18: Bear | H18: 0.01 | I18: 0.01
B19: 4 | C19: Nightmare | H19: -0.01 | I19: -0.03
B21: Yard Opex % Sales | G21: =Model!W47 -> 0.42801466 | H21: =CHOOSE(scen,H22,H23,H24,H25) -> 0.413 | I21: =CHOOSE(scen,I22,I23,I24,I25) -> 0.402
B22: 1 | C22: Base | H22: 0.413 | I22: 0.402
B23: 2 | C23: Bull | H23: 0.408 | I23: 0.399
B24: 3 | C24: Bear | H24: 0.417 | I24: 0.412
B25: 4 | C25: Nightmare | H25: 0.425 | I25: 0.43
B27: Cost of Vehicle Sales / Sales % | G27: =Model!W51 -> 0.1117566 | H27: =CHOOSE(scen,H28,H29,H30,H31) -> 0.105 | I27: =CHOOSE(scen,I28,I29,I30,I31) -> 0.103
B28: 1 | C28: Base | H28: 0.105 | I28: 0.103
B29: 2 | C29: Bull | H29: 0.102 | I29: 0.1
B30: 3 | C30: Bear | H30: 0.11 | I30: 0.108
B31: 4 | C31: Nightmare | H31: 0.115 | I31: 0.12
B33: Share Repurchases | G33: =Model!W206 -> -325 | H33: =CHOOSE(scen,H34,H35,H36,H37) -> -200 | I33: =CHOOSE(scen,I34,I35,I36,I37) -> -200
B34: 1 | C34: Base | H34: -200 | I34: -200
B35: 2 | C35: Bull | H35: -350 | I35: -350
B36: 3 | C36: Bear | H36: -100 | I36: -100
B37: 4 | C37: Nightmare | H37: 0 | I37: 0
B38: Average Repurchase Price | G38: 40 | H38: 44 | I38: 48

Sheet Notes
A1: Recent Feedback / To Do:
A3: Fix FCF for normalized ests, growth capex
A5: · Look up waterfall distribution of car age (7 years? its in a KAR pres)
A6: · Wall of off-lease coming online will hurt used values
A7: · Capex/D&A bc you don’t depreciate land – Balance sheet is undervaluing assets
A8: · Nightmare multiples are too low
A9: · Timing of repurchases (tenders) and what happened after
A10: · They’re having an investor day to explain the int’l TAM
A12: 6. add charts of revenue growth
A13: 7. add bridge to 2018
A14: 13. back up your maint capex assumption
A16: Q's and Pushback
... A81: Used car pricing is slightly more significant than commodity pricing
A83: Q1'15 | D83: =25000/41 -> 609.7561
A84: "We do have a physical auction presence. We have 6000 acres, 150 sites. Buyers can come anytime they want and look."
A86: 10K 2015:
A87: Vehicle sellers: mostly insurance co's but also banks, financial institutions, charities, dealerships, rental companies, fleet operators.
A88: Buyers: dismantelrs etc etc (you have this)
A89: In UK: we purchase salvage vehicles outright and re-sell for our own account.
A90: Int'l: sales listing fees on behalf of insurance companies
A91: Growth through 1. Acqs 2. Volumes 3. market share 4. revenue per transaction from increases in sales price and value-added services 5. non-insurance co sellers.
A92: 2013 Acqs: five facilities in Sao Paolo, one in Dubai, one in Germany, one in Spain, and 43 in NA. Opened new facility in NH.
A93: 2014 Acqs: Acquired one in Canada, one in Brazil, and opened facilities in Delaware and Brazil.
A94: 2015 Acqs: Opened facilities in Bahrain, Oman, and Canada.
A95: Revenue from sellers is generally fixed fee - they get a fixed amt. for selling each vehicle regardless of price
A96: Other way is PIP program (percentage) - % of total sales price.
... A99: Growth strategy: 1. acqs 2. supply agreements 3. expanding service offerings 4. new markets new sellers

Sheet Charts
B3: 2005 | C3: =B3+1 -> 2006 | D3: =C3+1 -> 2007 | E3: =D3+1 -> 2008 | F3: =E3+1 -> 2009 | G3: =F3+1 -> 2010 | H3: =G3+1 -> 2011 | I3: =H3+1 -> 2012 | J3: =I3+1 -> 2013 | ... L3: =K3+1 -> 2015 | R3: 2004 | S3: 2005 | T3: 2006 | U3: 2007 | V3: 2008 | W3: 2009 | X3: 2010 | Y3: 2011 | Z3: 2012 | AA3: 2013 | AB3: 2014 | AC3: 2015E | AD3: 2016E | AE3: 2017E
A4: Gross % | B4: 0.45009208 | C4: 0.43617118 | D4: 0.47582043 | E4: 0.41060052 | F4: 0.42022011 | G4: 0.45232695 | H4: 0.44275812 | I4: 0.44321574 | J4: 0.40226264 | K4: 0.40273092 | L4: 0.42176499 | Q4: (A) Total Vehicles in Use | R4: 239.3 | S4: 243.03 | T4: 246.3 | U4: 249.3 | V4: 251.9 | W4: 252.158 | X4: 249.431 | Y4: 249.474 | Z4: 248.72 | AA4: 248.85 | AB4: 252.6 | AC4: =AB4+AB5-AB6 -> 257.91 | AD4: =AC4+AC5-AC6 -> 263.41302 | AE4: =AD4+AD5-AD6 -> 265.37994
A5: EBITDA % | B5: 0.34793262 | C5: 0.32457763 | D5: 0.37956767 | E5: 0.35763868 | F5: 0.36385083 | G5: 0.35453415 | H5: 0.35642926 | I5: 0.36190246 | J5: 0.32466031 | K5: 0.28247452 | L5: 0.34316483 | Q5: (B) New-Vehicle Registrations | S5: 16.761 | T5: 16.57 | U5: 16.02 | V5: 13.217 | W5: 10.35 | X5: 11.48 | Y5: 12.658 | Z5: 14.315 | AA5: 15.383 | AB5: 16.356 | AC5: 17.5 | AD5: 15 | AE5: 14
A6: ROIC | B6: 0.21018067 | C6: 0.22025506 | D6: 0.19787139 | E6: 0.19532603 | F6: 0.17601237 | G6: 0.17372445 | H6: 0.19192124 | I6: 0.21187817 | J6: 0.18363218 | K6: 0.15907251 | L6: 0.1960622 | Q6: (C) Scrappage | R6: 13.0778 | S6: 13.464 | T6: 13.596 | U6: 13.441 | V6: 12.953 | W6: 13.077 | X6: 11.438 | Y6: 13.41 | Z6: 14.185 | AA6: 11.629 | AB6: 11.046 | AC6: =AC7*(AVERAGE(AB4:AC4)) -> 11.996985 | AD6: =AD7*(AVERAGE(AC4:AD4)) -> 13.033075 | AE6: =AE7*(AVERAGE(AD4:AE4)) -> 14.013013
Q7: (D) Scrappage as % of Total Vehicles | S7: =S6/(AVERAGE(R4:S4)) -> 0.055828997 | T7: =T6/(AVERAGE(S4:T4)) -> 0.055569861 | U7: =U6/(AVERAGE(T4:U4)) -> 0.054241324 | V7: =V6/(AVERAGE(U4:V4)) -> 0.051687949 | W7: =W6/(AVERAGE(V4:W4)) -> 0.051886886 | X7: =X6/(AVERAGE(W4:X4)) -> 0.045607061 | Y7: =Y6/(AVERAGE(X4:Y4)) -> 0.053757729 | Z7: =Z6/(AVERAGE(Y4:Z4)) -> 0.056945688 | ... AB7: =AB6/(AVERAGE(AA4:AB4)) -> 0.044056237 | AC7: 0.047 | AD7: 0.05 | AE7: 0.053
B8: 2005 | C8: =B8+1 -> 2006 | D8: =C8+1 -> 2007 | E8: =D8+1 -> 2008 | F8: =E8+1 -> 2009 | G8: =F8+1 -> 2010 | H8: =G8+1 -> 2011 | I8: =H8+1 -> 2012 | J8: =I8+1 -> 2013 | ... L8: =K8+1 -> 2015 | Q8: (E) Scrappage as % of Registrations | S8: =S6/S5 -> 0.80329336 | T8: =T6/T5 -> 0.82051901 | U8: =U6/U5 -> 0.83901373 | V8: =V6/V5 -> 0.98002572 | W8: =W6/W5 -> 1.2634783 | X8: =X6/X5 -> 0.99634146 | Y8: =Y6/Y5 -> 1.0594091 | Z8: =Z6/Z5 -> 0.99091862 | ... AE8: =AE6/AE5 -> 1.0009295
A9: Free Cash Flow | B9: 60.252 | C9: 57.051 | D9: 94.068 | E9: 98.385 | F9: 102.89 | G9: 127.49 | H9: 156.984 | I9: 183.735 | J9: 115.025 | K9: 174.305 | L9: 208.15 | Q9: (F) Growth in Scrappage | S9: =S6/R6-1 -> 0.029530961 | T9: =T6/S6-1 -> 0.0098039216 | U9: =U6/T6-1 -> -0.011400412 | V9: =V6/U6-1 -> -0.036306822 | W9: =W6/V6-1 -> 0.0095730719 | X9: =X6/W6-1 -> -0.12533456 | Y9: =Y6/X6-1 -> 0.17240776 | Z9: =Z6/Y6-1 -> 0.057792692 | ... AE9: =AE6/AD6-1 -> 0.075188541
A10: FCF/Share | B10: =Model!D71 -> 0.37479576 | C10: =Model!E71 -> 0.24255278 | D10: =Model!F71 -> 0.56313948 | E10: =Model!G71 -> 0.44945892 | F10: =Model!H71 -> 0.7353141 | G10: =Model!I71 -> 0.72662962 | H10: =Model!J71 -> 1.1272846 | I10: =Model!K71 -> 1.3303582 | ... K10: =Model!M71 -> 1.2709289 | L10: =Model!R71 -> 1.4185726 | Q10: Source: NADA.org, IHS Automotive
Q12: CPRT Revenue Growth | R12: =Model!C57 -> 0 | S12: =Model!D57 -> 0.12316101 | T12: =Model!E57 -> 0.17418512 | U12: =Model!F57 -> 0.060748813 | V12: =Model!G57 -> 0.40008561 | W12: =Model!H57 -> -0.053398726 | X12: =Model!I57 -> 0.040099208 | Y12: =Model!J57 -> 0.11446294 | ... AE12: =Model!P57 -> -0.041
Q13: Vehicles in Use Growth | S13: =S4/R4-1 -> 0.015587129 | T13: =T4/S4-1 -> 0.013455129 | U13: =U4/T4-1 -> 0.012180268 | V13: =V4/U4-1 -> 0.010429202 | W13: =W4/V4-1 -> 0.001024216 | X13: =X4/W4-1 -> -0.010814648 | Y13: =Y4/X4-1 -> 0.00017239237 | Z13: =Z4/Y4-1 -> -0.003022359 | ... AE13: =AE4/AD4-1 -> 0.0074670746
